Map: [ESL] Data-C

Players

Nina

  • Race: Protoss Protoss
  • League: Master
  • Spawn Location: 9:00

Kelazhur - Winner!

  • Race: Terran Terran
  • League: Master
  • Spawn Location: 3:00

Event: HomeStory Cup XXII

VOD

Have the link to the VOD?

Description

Time

  • Played on: Dec. 16, 2022, 10:54 a.m.
  • Length: 19:49

All games in this series

Show
View Real Time Build Order
Export as new Build Order

Nina Protoss 

Build Orders: 1 Gate Expand, Blink Stalkers, Colossus Rush 

Get SALT Encoding   

  12  0:00  Probe  
  13  0:12  Probe  
  14  0:17  Pylon  
  14  0:24  Probe (Chrono Boost)  
  15  0:36  Probe (Chrono Boost)  
  15  0:39  Gateway  
  16  0:45  Probe (Chrono Boost)  
  17  0:50  Assimilator  
  17  0:51  Probe  
  18  1:03  Probe  
  19  1:15  Probe  
  20  1:29  Cybernetics Core  
  20  1:34  Nexus  
  20  1:40  Pylon  
  20  1:43  Probe  
  21  1:51  Assimilator  
  21  1:55  Probe  
  22  2:02  Stalker (Chrono Boost)  
  22  2:06  Warp Gate  
  22  2:08  Probe (Chrono Boost)  
  25  2:19  Probe (Chrono Boost)  
  26  2:25  Adept, Probe (Chrono Boost)  
  29  2:37  Twilight Council, Probe (Chrono Boost)  
  29  2:46  Probe (Chrono Boost)  
  31  2:54  Probe (Chrono Boost)  
  31  2:55  Probe (Chrono Boost), Stalker  
  34  3:00  Probe x2  
  36  3:08  Gateway  
  36  3:13  Probe x2  
  36  3:16  Blink (Chrono Boost)  
  38  3:25  Probe x2  
  40  3:36  Robotics Facility  
  40  3:37  Probe x2  
  40  3:40  Pylon  
  42  3:49  Probe x2, Assimilator  
  44  3:55  Stalker  
  44  4:00  Assimilator  
  44  4:01  Probe x2  
  44  4:02  Pylon  
  48  4:03  Stalker  
  50  4:10  Pylon  
  50  4:13  Probe x2  
  52  4:25  Probe  
  52  4:27  Probe  
  52  4:28  Stalker x2  
  49  4:37  Probe  
  51  4:38  Observer (Chrono Boost)  
  51  4:39  Probe  
  52  4:48  Robotics Bay  
  52  4:49  Probe (Chrono Boost)  
  52  4:52  Probe (Chrono Boost)  
  54  4:53  Stalker  
  54  4:57  Stalker  
  59  5:01  Probe (Chrono Boost)  
  59  5:03  Probe (Chrono Boost)  
  59  5:06  Probe (Chrono Boost)  
  60  5:09  Nexus  
  60  5:13  Pylon  
  61  5:14  Probe  
  61  5:17  Probe  
  63  5:26  Probe  
  62  5:30  Charge  
  62  5:33  Probe  
  63  5:36  Colossus (Chrono Boost)  
  63  5:40  Probe  
  63  5:41  Observer  
  70  5:45  Probe  
  70  5:46  Extended Thermal Lance  
  71  5:52  Probe, Pylon  
  71  5:56  Sentry  
  74  6:00  Gateway  
  74  6:01  Probe  
  75  6:13  Sentry  
  75  6:15  Colossus (Chrono Boost), Probe  
  75  6:17  Gateway  
  75  6:18  Pylon  
  84  6:27  Probe x2  
  84  6:28  Gateway  
  84  6:29  Probe  
  85  6:35  Sentry  
  85  6:39  Probe (Chrono Boost)  
  89  6:42  Shield Battery  
  89  6:44  Zealot, Probe (Chrono Boost)  
  89  6:46  Probe (Chrono Boost)  
  92  6:49  Pylon  
  92  6:50  Probe (Chrono Boost)  
  94  6:54  Probe (Chrono Boost)  
  94  6:55  Gateway, Probe (Chrono Boost)  
  94  6:57  Probe  
  94  7:00  Zealot  
  96  7:01  Zealot  
  96  7:04  Probe  
  96  7:06  Probe  
  100  7:09  Probe  
  100  7:10  Shield Battery  
  100  7:11  Zealot  
  100  7:13  Zealot  
  105  7:16  Probe  
  105  7:20  Stalker  
  105  7:21  Stalker  
  108  7:28  Zealot  
  110  7:31  Disruptor (Chrono Boost)  
  110  7:33  Pylon  
  110  7:34  Zealot  
  110  7:35  Zealot  
  117  7:38  Pylon  
  117  7:47  Forge  
  117  7:48  Forge  
  120  7:51  Probe x3  
  120  7:59  Observer (Chrono Boost)  
  120  8:03  Probe x3  
  120  8:04  Assimilator  
  120  8:05  Assimilator  
  124  8:06  Pylon  
  124  8:11  Pylon x2  
  124  8:12  Nexus  
  124  8:20  Probe  
  124  8:22  Stalker x2  
  124  8:23  Disruptor (Chrono Boost)  
  124  8:26  Protoss Ground Armor Level 1 (Chrono Boost)  
  130  8:37  Pylon  
  130  8:39  Protoss Ground Weapons Level 1 (Chrono Boost), Templar Archives  
  130  8:40  Zealot  
  130  8:41  Zealot x2  
  136  8:48  Disruptor (Chrono Boost)  
  136  8:54  Zealot x3  
  144  9:00  Robotics Facility  
  144  9:01  Photon Cannon  
  144  9:02  Photon Cannon, Probe  
  145  9:03  Shield Battery  
  145  9:05  Pylon  
  145  9:17  Disruptor  
  145  9:20  Photon Cannon  
  145  9:21  Zealot  
  145  9:22  Zealot x4  
  156  9:27  Probe  
  156  9:28  Probe x3  
  159  9:39  Probe  
  159  9:40  Probe x2, Photon Cannon  
  162  9:48  Pylon  
  158  9:54  Zealot x6  
  158  9:56  Observer  
  171  10:03  Observer  
  166  10:16  Zealot x6  
  166  10:17  Disruptor  
  166  10:19  Protoss Ground Armor Level 2 (Chrono Boost)  
  177  10:27  Gateway  
  171  10:30  Gateway  
  169  10:36  Disruptor  
  169  10:40  Assimilator x2  
  169  10:42  Probe  
  167  10:43  Stalker x3  
  173  10:50  Probe  
  173  10:54  Stalker x3  
  173  11:12  Probe  
  173  11:15  Stalker x2  
  173  11:16  Stalker  
  173  11:18  Stalker x2  
  174  11:29  Disruptor x2 (Chrono Boost)  
  174  11:31  Zealot x3  
  167  11:51  Nexus  
  160  11:55  Zealot x6  
  160  11:59  Warp Prism  
  163  12:14  Probe  
  163  12:15  Zealot x5, Protoss Ground Weapons Level 2 (Chrono Boost)  
  166  12:16  Colossus  
  166  12:20  Gateway  
  176  12:23  Templar Archives  
  176  12:24  Dark Shrine  
  176  12:35  Colossus  
  180  12:40  Pylon  
  180  12:41  Pylon  
  180  12:42  Pylon  
  179  12:52  Stalker  
  179  12:57  Pylon  
  178  13:04  Stalker x6  
  186  13:09  Disruptor  
  177  13:20  Zealot x2  
  171  13:28  Disruptor (Chrono Boost)  
  174  13:38  Stalker x2  
  174  13:39  Stalker x5  
  182  13:42  Probe  
  182  13:45  Disruptor (Chrono Boost)  
  182  13:46  Probe  
  182  13:47  Probe  
  184  13:48  Assimilator  
  184  13:50  Photon Cannon  
  184  13:55  Probe  
  185  14:01  Colossus (Chrono Boost)  
  183  14:07  Pylon  
  183  14:09  High Templar x3  
  195  14:10  High Templar  
  195  14:11  Zealot  
  195  14:13  Archon  
  195  14:14  Archon  
  199  14:20  Observer  
  200  14:31  Nexus  
  200  14:34  Pylon  
  194  14:42  Shield Battery  
  185  14:47  Stalker x5  
  185  14:48  Disruptor, Stalker  
  198  14:57  Shield Battery  
  198  14:58  Photon Cannon  
  186  15:08  Zealot x3  
  186  15:12  Disruptor  
  170  15:21  Probe  
  170  15:23  Assimilator  
  170  15:24  Colossus  
  170  15:28  Zealot x9  
  157  15:48  Colossus (Chrono Boost)  
  143  15:57  Zealot x7  
  143  15:58  Zealot x2  
  143  16:00  Probe  
  143  16:01  Probe  
  159  16:06  Probe  
  158  16:12  Probe  
  158  16:15  Colossus (Chrono Boost)  
  165  16:22  Protoss Ground Weapons Level 3  
  165  16:27  Dark Templar x2  
  161  16:33  Disruptor (Chrono Boost)  
  161  16:34  Stalker x5  
  161  16:35  Stalker x2  
  146  16:57  Disruptor (Chrono Boost)  
  149  17:02  Disruptor (Chrono Boost)  
  149  17:06  Stalker x3  
  149  17:07  Stalker  
  158  17:11  Stalker x3  
  158  17:12  Stalker  
  155  17:16  Stalker  
  157  17:27  Disruptor  
  160  17:33  Nexus  
  160  17:36  Disruptor, Zealot x4  
  164  17:37  Zealot x2  
  145  17:52  Zealot x3  
  145  18:02  Disruptor  
  126  18:14  Stalker x6  
  138  18:20  Disruptor  
  115  18:38  Disruptor  
  109  18:54  Nexus  
  107  18:57  Observer  
  107  19:02  Disruptor (Chrono Boost)  
  104  19:14  Disruptor (Chrono Boost)  
  107  19:22  Stalker x3  
  113  19:29  Assimilator  
  112  19:41  Pylon  
Show
View Real Time Build Order
Export as new Build Order

Kelazhur Terran - Winner!

Build Orders:  

Get SALT Encoding   

  12  0:00  SCV  
  13  0:12  SCV  
  14  0:17  Supply Depot  
  14  0:24  SCV  
  15  0:38  SCV  
  15  0:40  Barracks  
  16  0:43  Refinery  
  16  0:50  SCV  
  16  0:53  Refinery  
  17  1:02  SCV  
  18  1:14  SCV  
  19  1:27  Reaper, Orbital Command  
  19  1:31  Supply Depot  
  20  1:41  Factory  
  20  1:53  SCV  
  21  1:59  Reaper  
  22  2:05  SCV  
  23  2:17  Command Center  
  23  2:18  SCV  
  24  2:25  Hellion  
  26  2:31  SCV  
  26  2:33  Supply Depot  
  26  2:34  Barracks Reactor  
  27  2:43  Starport  
  27  2:45  SCV  
  27  2:50  Widow Mine  
  30  2:58  SCV  
  33  3:13  SCV, Widow Mine  
  34  3:21  Medivac, Marine x2  
  34  3:26  SCV  
  39  3:32  Orbital Command  
  39  3:36  Factory Tech Lab  
  39  3:38  SCV  
  39  3:39  Marine x2  
  42  3:47  Barracks  
  42  3:48  Supply Depot  
  42  3:50  SCV  
  42  3:55  Siege Tank  
  46  3:57  Marine x2  
  46  3:59  SCV  
  50  4:02  SCV  
  50  4:11  SCV  
  51  4:17  SCV  
  51  4:19  Starport Tech Lab  
  51  4:20  Marine x2  
  51  4:23  SCV  
  54  4:28  Barracks  
  54  4:29  SCV  
  55  4:35  SCV, Siege Tank  
  55  4:37  Marine  
  55  4:38  Marine  
  61  4:41  SCV  
  62  4:46  Stimpack  
  62  4:48  Refinery  
  62  4:49  Supply Depot  
  62  4:53  Engineering Bay  
  62  4:56  Starport Reactor  
  62  5:02  Supply Depot  
  62  5:04  Marine x2  
  62  5:05  SCV x2, Marine  
  67  5:17  SCV x2  
  67  5:18  Refinery  
  67  5:20  Supply Depot  
  69  5:22  Marine x2  
  69  5:27  Factory Reactor  
  65  5:29  SCV x2, Marauder x2  
  65  5:34  Combat Shield  
  71  5:41  Marine  
  71  5:42  Marine  
  73  5:46  Medivac  
  73  5:47  SCV  
  76  5:50  Marine  
  76  5:51  Medivac  
  76  5:53  SCV  
  80  5:57  Marauder  
  80  6:00  Command Center  
  80  6:01  SCV  
  83  6:05  SCV  
  83  6:08  Marauder  
  83  6:12  Marine x2  
  83  6:15  Supply Depot  
  85  6:19  Medivac  
  85  6:21  Medivac  
  85  6:23  Terran Infantry Weapons Level 1  
  89  6:26  SCV  
  89  6:29  Marauder  
  91  6:34  Concussive Shells  
  91  6:35  SCV  
  91  6:36  Marine x2  
  91  6:37  Marauder  
  96  6:41  SCV  
  96  6:42  Supply Depot  
  96  6:45  Widow Mine x2  
  101  6:47  SCV  
  102  6:59  Supply Depot  
  102  7:03  Marine x2  
  102  7:04  Marauder x2  
  102  7:06  Medivac  
  110  7:14  SCV x2, Medivac  
  114  7:26  Marine  
  114  7:27  SCV, Marauder x2  
  120  7:32  SCV  
  120  7:33  Marine  
  120  7:35  Barracks x2  
  122  7:37  Widow Mine x2  
  122  7:40  SCV  
  122  7:43  Armory  
  127  7:44  SCV  
  127  7:48  Marauder  
  127  7:50  Marine  
  133  7:53  Supply Depot, Missile Turret  
  133  7:56  Supply Depot  
  133  7:58  SCV, Orbital Command, Marine  
  133  8:10  Refinery  
  133  8:15  SCV x2  
  137  8:23  Barracks Tech Lab, Marauder  
  137  8:24  Barracks Reactor  
  137  8:26  Widow Mine x2, Marine  
  137  8:27  SCV, Marauder, Marine  
  139  8:28  SCV x2  
  139  8:31  Ghost Academy  
  139  8:32  Supply Depot, Terran Infantry Weapons Level 2  
  145  8:39  SCV  
  145  8:41  SCV x2  
  148  8:50  Refinery  
  148  8:51  SCV  
  148  8:53  Liberator x2  
  148  8:54  Supply Depot, Marauder  
  157  9:04  Supply Depot  
  157  9:14  Command Center  
  157  9:15  Marine  
  157  9:16  SCV x3, Marauder x2  
  165  9:25  Ghost  
  165  9:26  Marine x3  
  170  9:36  Ghost  
  172  9:39  Marine  
  172  9:40  Enhanced Shockwaves  
  172  9:42  Supply Depot  
  172  9:43  Supply Depot  
  172  9:44  Ghost  
  175  9:54  Ghost  
  175  9:56  Marine x3  
  180  10:02  Viking  
  180  10:03  Viking  
  180  10:05  Marine, Ghost  
  185  10:12  Ghost  
  185  10:13  Marine  
  182  10:16  Marine x2  
  184  10:23  Marine  
  184  10:24  Ghost  
  184  10:26  Planetary Fortress  
  184  10:27  Missile Turret  
  175  10:31  Marine  
  175  10:32  Medivac  
  175  10:33  Medivac  
  175  10:34  Marauder, Marine x2  
  184  10:41  Marine  
  184  10:42  SCV, Marauder  
  186  10:47  Barracks  
  186  10:49  Barracks x2, Marine  
  185  10:50  Widow Mine  
  185  10:51  Widow Mine  
  185  10:53  Marauder  
  185  10:56  Terran Infantry Weapons Level 3  
  182  11:15  Marauder, Marine  
  183  11:20  Marine  
  183  11:21  Marauder, Marine x2  
  183  11:23  Liberator x2, Widow Mine x2  
  196  11:25  SCV x2  
  196  11:26  SCV, Fusion Core  
  196  11:31  Marauder  
  196  11:37  Marauder, Marine  
  196  11:38  Marine  
  196  11:39  Marine  
  199  11:44  Widow Mine x2  
  168  11:52  Marauder  
  170  11:57  Marauder  
  167  12:06  Viking x2, Widow Mine, Marauder  
  170  12:13  Marauder, Marine x4  
  170  12:14  Barracks Tech Lab  
  170  12:15  Barracks Reactor, Barracks Tech Lab  
  166  12:17  SCV x3  
  166  12:18  Marauder  
  173  12:22  Widow Mine  
  173  12:27  Widow Mine, Marauder  
  177  12:36  Medivac x2, Ghost  
  177  12:38  Ghost x2  
  181  12:49  Ghost x2  
  181  12:50  Marine x4  
  189  12:59  Widow Mine  
  189  13:00  Widow Mine, Marine x2  
  193  13:05  Marauder  
  193  13:06  Medivac x2  
  193  13:08  Marauder  
  193  13:09  Marine  
  193  13:12  Command Center  
  200  13:19  Ghost  
  195  13:21  Ghost  
  195  13:22  Marine x3  
  195  13:25  Refinery  
  195  13:26  Refinery  
  190  13:32  Marauder  
  183  13:40  Marauder  
  169  13:49  Marine  
  169  13:50  Marauder, Ghost  
  169  13:51  Ghost  
  169  13:52  Widow Mine x2, Marine x2  
  169  13:53  Liberator  
  183  14:03  Missile Turret  
  183  14:04  Command Center  
  183  14:05  Missile Turret  
  183  14:10  Missile Turret  
  183  14:11  Marauder, Marine x4  
  183  14:12  Advanced Ballistics  
  183  14:14  Liberator  
  183  14:16  Marauder, Marine x2  
  196  14:20  Terran Infantry Armor Level 1  
  196  14:23  Marine  
  196  14:24  Marauder, Marine  
  196  14:42  Marauder, Marine  
  196  14:43  Marauder  
  193  14:48  Marine  
  193  14:49  Marauder, Marine  
  193  14:51  Ghost  
  193  14:52  Ghost  
  181  14:54  Liberator  
  181  14:56  Terran Ship Weapons Level 1  
  181  14:57  Liberator  
  185  15:06  Missile Turret  
  183  15:11  Marine  
  183  15:12  Marauder  
  182  15:22  Marine  
  182  15:23  Marauder, Marine  
  182  15:25  Widow Mine x2  
  188  15:29  Marauder  
  183  15:37  Marine  
  183  15:38  Marauder x2  
  183  15:39  Liberator, Marauder, Marine x3  
  183  15:40  Liberator, Marine x2  
  188  15:44  Marine  
  188  15:46  Widow Mine x2  
  188  15:49  Marine  
  186  15:55  Marine  
  186  15:56  Marine  
  186  15:57  Marine  
  181  15:59  Marauder  
  181  16:02  Marine x3  
  179  16:07  Widow Mine  
  179  16:08  Widow Mine  
  179  16:10  Planetary Fortress  
  173  16:19  Starport, Marine x2, Marauder  
  173  16:20  Marine x2  
  173  16:21  Marine x2, Starport  
  173  16:22  Medivac  
  173  16:23  Medivac, Terran Infantry Armor Level 2  
  187  16:25  Marauder  
  187  16:29  Widow Mine x2  
  193  16:33  Marauder  
  193  16:34  Marine x2  
  193  16:37  Marine x2  
  193  16:38  Marine x2  
  197  16:45  Marauder  
  190  16:47  Marauder, Marine x2  
  190  16:50  Widow Mine x2  
  190  16:52  Marauder, Marine  
  195  17:10  Marauder  
  195  17:11  Marauder  
  195  17:12  Widow Mine x2  
  196  17:15  Ghost  
  196  17:16  Ghost  
  199  17:25  Planetary Fortress  
  199  17:26  Command Center  
  199  17:30  Missile Turret  
  199  17:33  Widow Mine  
  199  17:36  Ghost x2  
  200  17:43  Medivac  
  180  17:46  Marine x3  
  180  17:47  Marauder  
  180  17:48  Widow Mine  
  180  17:49  Marauder  
  172  17:54  Widow Mine  
  171  17:58  Ghost  
  171  18:01  Medivac x2  
  171  18:03  Marine  
  171  18:04  Marine x5, Ghost x2  
  167  18:07  Marine  
  167  18:10  Marine  
  165  18:16  Engineering Bay  
  165  18:21  Viking x2, Marine x3  
  165  18:22  Marine x3  
  165  18:26  Marauder  
  177  18:28  Marauder  
  177  18:31  Viking x2  
  159  18:37  Marauder x2, Marine  
  159  18:39  Hi-Sec Auto Tracking, Marine x3  
  159  18:40  Widow Mine x2, Marine x2  
  152  18:42  Marine  
  152  18:47  Marauder  
  152  18:48  SCV x4, Marine  
  154  18:49  SCV  
  154  18:51  Viking x2  
  154  18:55  Marauder  
  161  18:58  Marauder  
  161  18:59  Marauder  
  161  19:00  SCV  
  161  19:01  Viking x2, Marine  
  161  19:02  Orbital Command  
  170  19:03  SCV  
  170  19:04  SCV  
  170  19:07  Marauder  
  170  19:09  Marauder  
  176  19:17  Marauder  
  177  19:21  Marauder  
  183  19:24  SCV x4  
Tags
 
Add a new tag
Caveats
  • Supply blocks, unpowered buildings, or Contaminate may cause inaccurate times.
  • Supply counts are checked every 10 seconds.